 Dungeon Crawl Stone Soup version 0.30.0-30-g96aa6591b8 (webtiles) character file.

Game seed: 17574945483274599729

3433 Heoruswealwe the Thaumaturge (level 9, -1/45 HPs)
             Began as a Deep Elf Conjurer on June 29, 2023.
             Slain by a gnoll sergeant
             ... wielding a +0 trident
              (9 damage)
             ... on level 8 of the Dungeon on June 30, 2023.
             The game lasted 01:42:32 (6572 turns).

Heoruswealwe the Thaumaturge (Deep Elf Conjurer)    Turns: 6572, Time: 01:42:34

Health: -1/45      AC:  6    Str:  4    XL:     9   Next: 77%
Magic:  0/37       EV: 12    Int: 28    God:
Gold:   337        SH:  0    Dex: 13    Spells: 20/34 levels left

rFire   + . .        a - staff of conjuration "Wutiemuebb" {rF+ rCorr}
rCold   . . .        (no shield)
rNeg    . . .        c - +2 robe {Will+}
rPois   .            g - +1 helmet {SInv}
rElec   .            (no cloak)
rCorr   +            (no gloves)
SInv    +            (no boots)
Will    +....        (no amulet)
Stlth   ++           k - +4 ring of slaying
HPRegen 0.27/turn    j - ring of magical power
MPRegen 0.25/turn

%: no passive effects
@: no status effects
A: no striking features
a: no special abilities


You were on level 8 of the Dungeon.
You visited 2 branches of the dungeon, and saw 9 of its levels.
You also visited: Sewer.

You collected 422 gold pieces.
You spent 85 gold pieces at shops.

Inventory:

Hand Weapons
 b - a +0 scythe
 E - the +0 spear "Grom" {elec, *Corrode Int+5}
   (You found it on level 5 of the Dungeon)

   Int:       It affects your intelligence (+5).
   *Corrode:  It may corrode you when you take damage.
Armour
 c - a +2 robe of willpower (worn)
 g - a +1 helmet of see invisible (worn)
 w - a +1 robe of cold resistance
Magical Staves
 a - the staff of conjuration "Wutiemuebb" (weapon) {rF+ rCorr}
   (You acquired it on level 4 of the Dungeon)

   [staff of conjuration]

   Base accuracy: +5 Base damage: 5 Base attack delay: 1.2 This weapon's minimum
   attack delay (0.6) is reached at skill level 12.
   rF:        It protects you from fire.
   rCorr:     It protects you from acid and corrosion.
   It falls into the 'Staves' category.
   It is a one-handed weapon.
 p - a staff of air
 r - a staff of poison
Jewellery
 j - a ring of magical power (right hand)
 k - a +4 ring of slaying (left hand)
 A - a ring of protection from fire
Wands
 u - a wand of polymorph (15)
 F - a wand of flame (39)
 H - a wand of roots (11)
 I - a wand of mindburst (11)
Scrolls
 h - a scroll of blinking
 m - 5 scrolls of enchant weapon {unknown}
 n - 3 scrolls of poison {unknown}
 o - 3 scrolls of enchant armour {unknown}
 s - a scroll of magic mapping {unknown}
 x - a scroll of brand weapon {unknown}
 B - a scroll of fog
 C - 3 scrolls of amnesia {unknown}
 D - 3 scrolls of immolation
 G - 5 scrolls of teleportation
Potions
 d - 6 potions of mutation
 e - 6 potions of attraction {unknown}
 f - 3 potions of flight
 q - a potion of heal wounds {unknown}
 t - a potion of brilliance {unknown}
 v - a potion of haste {unknown}
 y - 4 potions of resistance {unknown}
 z - a potion of might {unknown}


   Skills:
 - Level 2.4 Dodging
 - Level 2.4 Stealth
 + Level 13.1 Spellcasting
 + Level 11.6 Conjurations


You had 20 spell levels left.
You knew the following spells:

 Your Spells              Type           Power      Damage    Failure   Level
a - Magic Dart            Conj           100%       1d8       1%          1
b - Searing Ray           Conj           100%       2d8       1%          2
c - Dazzling Flash        Conj/Hex       100%       N/A       1%          3
d - Fulminant Prism       Conj/Hex       33%        3d15      2%          4
e - Iskenderun's Mystic   Conj/Tloc      66%        2d14      2%          4

Your spell library contained the following spells:

 Spells                   Type           Power      Damage    Failure   Level
 Apportation              Tloc           36%        N/A       3%          1
 Necrotise                Necr           72%        1d7       3%          1
 Summon Small Mammal      Summ           72%        N/A       3%          1
 Sublimation of Blood     Necr           18%        N/A       4%          2
 Wereblood                Tmut           18%        N/A       4%          2
 Call Canine Familiar     Summ           18%        N/A       9%          3
 Summon Guardian Golem    Hex/Summ       18%        N/A       9%          3
 Vampiric Draining        Necr           18%        2d7       9%          3
 Agony                    Necr           18%        N/A       63%         5
 Alistair's Intoxication  Tmut/Pois      12%        N/A       63%         5
 Simulacrum               Ice/Necr       9%         N/A       99%         6
 Ozocubu's Refrigeration  Ice            9%         4d9       100%        7
 Summon Hydra             Summ           9%         N/A       100%        7
 Polar Vortex             Ice            9%         N/A       100%        9


Dungeon Overview and Level Annotations

Branches:
Dungeon (8/15)             Temple (1/1) D:4           Sewer (visited)
   Lair: D:8-11

Altars:
Ashenzari
Cheibriados
Dithmenos
Elyvilon
Fedhas
Gozag
Hepliaklqana
Makhleb
Nemelex Xobeh
Okawaru
Ru
Trog
Uskayaw
Wu Jian
Xom
Yredelemnul
Zin
The Shining One

Shops:
D:5 [   D:6 (

Annotations:
D:4 1 runed translucent door, GeoRichter's ghost, novice OpVM


Message History

Press: ? - help, Shift-Dir - straight line, f/p - gnoll
Aim: a gnoll, wielding a +0 club (lightly wounded, 100% to hit)
You feel a surge of power!
The magic dart hits the gnoll.
The gnoll is heavily wounded.
Casting: Magic Dart (safe; 1% risk of failure)
Confirm with . or Enter, or press ? or * to list all spells.
Aiming: Magic Dart (safe; 1% risk of failure)
Press: ? - help, Shift-Dir - straight line, f/p - gnoll
Aim: a gnoll, wielding a +0 club (heavily wounded, 100% to hit)
You feel a surge of power!
The magic dart hits the gnoll.
The gnoll is severely wounded.
Casting: Magic Dart (safe; 1% risk of failure)
Confirm with . or Enter, or press ? or * to list all spells.
Aiming: Magic Dart (safe; 1% risk of failure)
Press: ? - help, Shift-Dir - straight line, f/p - gnoll
Aim: a gnoll, wielding a +0 club (severely wounded, 100% to hit)
You feel a surge of power!
The magic dart hits the gnoll but does no damage.
The gnoll is severely wounded.
The gnoll sergeant hits you from afar with a +0 trident.
Casting: Magic Dart (safe; 1% risk of failure)
Confirm with . or Enter, or press ? or * to list all spells.
Aiming: Magic Dart (safe; 1% risk of failure)
Press: ? - help, Shift-Dir - straight line, f/p - gnoll
Aim: a gnoll, wielding a +0 club (severely wounded, 100% to hit)
You feel a surge of power!
The magic dart hits the gnoll.
The gnoll is almost dead.
The gnoll sergeant hits you from afar with a +0 trident!
* * * LOW HITPOINT WARNING * * *
A gnoll comes into view. It is wielding a +0 club.
Casting: Magic Dart (safe; 1% risk of failure)
Confirm with . or Enter, or press ? or * to list all spells.
Aiming: Magic Dart (safe; 1% risk of failure)
Press: ? - help, Shift-Dir - straight line, f/p - gnoll
Aim: a gnoll, wielding a +0 club (almost dead, 100% to hit)
You feel a surge of power!
The magic dart hits the gnoll.
You kill the gnoll!
The kobold brigand seems to regain its courage.
The gnoll sergeant hits you from afar with a +0 trident!
You die...

#....#.)..######
#.)..#....+
#.)......#
##.)......#
#...g.......+
.'...K.......#
##g..........#
...###....g.)#
.o.. #....g.@#
... #+#######


You could see a kobold brigand, a gnoll sergeant and 2 gnolls.

Vanquished Creatures
  A two-headed ogre (D:8)
  Sigmund (D:2)
  Eustachio (D:6)
  Menkaure (D:6)
  3 water moccasins
  An ice beast (D:5)
  A black bear (D:7)
  A phantom (D:6)
  A kobold brigand (D:7)
  Blork the orc (D:6)
  6 scorpions
  A bullfrog (D:7)
  2 gnoll sergeants
  5 hounds
  A jelly (D:5)
  3 orc priests
  5 gnoll boudas
  3 sleepcaps
  3 iguanas
  3 orc wizards
  Robin (D:4)
  24 gnolls
  12 adders
  6 river rats (Sewer)
  A shadow imp (D:4)
  2 worms
  2 dart slugs
  23 orcs
  11 ball pythons
  3 endoplasms
  6 giant cockroaches
  10 goblins
  4 hobgoblins
  4 jackals
  9 kobolds
  9 quokkas
  16 bats
  6 frilled lizards
  7 rats
200 creatures vanquished.

Vanquished Creatures (others)
  9 fulminant prisms
9 creatures vanquished.

Grand Total: 209 creatures vanquished

Notes
Turn   | Place    | Note
-------+----------+-------------------------------------------
     0 | D:1      | Heoruswealwe the Deep Elf Conjurer began the quest for the
                  | Orb.
     0 | D:1      | Reached XP level 1. HP: 10/10 MP: 6/6
   193 | D:1      | Reached XP level 2. HP: 15/15 MP: 5/8
   196 | D:1      | Learned a level 2 spell: Searing Ray
   689 | D:2      | Noticed Sigmund
   694 | D:2      | Killed Sigmund
   695 | D:2      | Reached skill level 5 in Spellcasting
   695 | D:2      | Reached XP level 3. HP: 7/19 MP: 1/12
   695 | D:2      | Reached XP level 4. HP: 9/24 MP: 1/13
   695 | D:2      | Reached XP level 5. HP: 11/28 MP: 1/15
   959 | D:2      | Learned a level 3 spell: Dazzling Flash
   964 | D:2      | Learned a level 4 spell: Fulminant Prism
   969 | D:2      | Learned a level 4 spell: Iskenderun's Mystic Blast
  1999 | D:4      | Noticed Robin
  2010 | D:4      | Killed Robin
  2011 | D:4      | Reached skill level 6 in Spellcasting
  2062 | D:4      | Found a runed translucent door.
  2084 | D:4      | Noticed GeoRichter's ghost (novice OpVM)
  2114 | D:4      | Found a glowing drain.
  2171 | Sewer    | Entered a sewer
  2310 | Sewer    | Reached XP level 6. HP: 32/32 MP: 13/17
  3407 | D:4      | Reached skill level 7 in Spellcasting
  3479 | D:4      | Found a staircase to the Ecumenical Temple.
  3485 | Temple   | Entered the Ecumenical Temple
  3655 | D:4      | Identified a scroll of acquirement
  3660 | D:4      | Acquired the staff of conjuration "Wutiemuebb" {rF+ rCorr}
  3699 | D:5      | Entered Level 5 of the Dungeon
  3709 | D:5      | Found Lypp's Antique Armour Shoppe.
  3716 | D:5      | Reached XP level 7. HP: 33/36 MP: 10/19
  3755 | D:5      | Reached skill level 8 in Spellcasting
  3785 | D:5      | Bought an embroidered robe for 85 gold pieces
  4097 | D:5      | Reached skill level 9 in Spellcasting
  4120 | D:5      | Reached XP level 8. HP: 32/41 MP: 0/23
  4257 | D:5      | Found a glowing golden altar of the Shining One.
  4332 | D:5      | Found a white marble altar of Elyvilon.
  4810 | D:5      | Identified the +0 spear "Grom" {elec, *Corrode Int+5}
  5089 | D:6      | Found a broken altar of Ashenzari.
  5089 | D:6      | Found a blossoming altar of Fedhas.
  5149 | D:6      | Reached skill level 10 in Spellcasting
  5272 | D:6      | Found Qiobrot's Weapon Shop.
  5275 | D:6      | Noticed Eustachio
  5281 | D:6      | Killed Eustachio
  5474 | D:6      | Noticed Blork the orc
  5479 | D:6      | Killed Blork the orc
  5561 | D:6      | Reached skill level 11 in Spellcasting
  5561 | D:6      | Reached skill level 10 in Conjurations
  5562 | D:6      | Noticed Menkaure
  5573 | D:6      | Killed Menkaure
  5574 | D:6      | Reached XP level 9. HP: 14/45 MP: 22/26
  5877 | D:7      | Found a hazy altar of Hepliaklqana.
  5877 | D:7      | Found a glowing silver altar of Zin.
  6064 | D:7      | Reached skill level 12 in Spellcasting
  6088 | D:7      | Found a shimmering altar of Xom.
  6502 | D:8      | Noticed a two-headed ogre
  6512 | D:8      | Killed a two-headed ogre
  6524 | D:8      | Reached skill level 13 in Spellcasting
  6572 | D:8      | Slain by a gnoll sergeant

Illustrated notes

Levels and vault maps discovered:
D:1:      saegor_arrival_simple_d, layout_basic, minmay_hedge_maze
D:2:      layout_basic, uniq_sigmund
D:3:      layout_loops_cross, st_stairs_7
D:4:      layout_basic, minmay_temple_entry_enclosed_plants,
          ebering_ghost_reflecting_pool, gup_sewer_entry_pipe, uniq_robin
D:5:      layout_cave_pools, mainiacjoe_overflow_boulevard,
          lemuel_crystal_altar, serial_gnoll_camp, gnoll_camp_mini_loothouse,
          gnoll_camp_mini_shop, gnoll_camp_medium_01, gnoll_camp_mini_basic,
          gnoll_camp_mini_house
D:6:      layout_loops_corners, gammafunk_temple_overflow_elements,
          serial_shops, nicolae_shop_bloodbath_and_beyond, uniq_menkaure,
          uniq_blork_the_orc, uniq_eustachio
D:7:      layout_rooms, gammafunk_temple_overflow_wave,
          mainiacjoe_overflow_brackets, st_stairs_3, kennysheep_generic_room_6
D:8:      layout_basic, mainiacjoe_overflow_alcove_4
Temple:   minmay_freezing_vapour_temple

Skill      XL: |  1  2  3  4  5  6  7  8  9 |
---------------+----------------------------+-----
Spellcasting   | 5 6 7 9 11 13 | 13.1
Conjurations   | 6 7 8 10 11 | 11.6
Dodging        | |  2.4
Stealth        | |  2.4

Action                     |  1- 3 |  4- 6 |  7- 9 || total
---------------------------+-------+-------+-------++-------
  Melee: Unarmed           |     2 |       |       ||     2
         Halberd           |       |    41 |    28 ||    69
   Cast: Magic Dart        |    31 |   181 |   241 ||   453
         Searing Ray       |     1 |     6 |    31 ||    38
         Fulminant Prism   |       |       |     9 ||     9
    Use: Scroll            |       |     6 |     6 ||    12
         Potion            |       |     3 |     4 ||     7
 Armour: Robe              |       |    22 |    26 ||    48
  Dodge: Dodged            |     1 |    42 |    59 ||   102
